Map: [ESL] Moondance

Players

ShoWTimE

  • Race: Protoss Protoss
  • League: Master
  • Spawn Location: 6:00

maru - Winner!

  • Race: Terran Terran
  • League: Diamond
  • Spawn Location: 12:00

Event: TSL 9

VOD

Have the link to the VOD?

Description

Time

  • Played on: Sept. 4, 2022, 11:50 a.m.
  • Length: 9:43

All games in this series

Show
View Real Time Build Order
Export as new Build Order

ShoWTimE Protoss 

Build Orders: 1 Gate Expand, Oracle Opening 

Get SALT Encoding   

  12  0:00  Probe  
  13  0:12  Probe  
  14  0:18  Pylon  
  14  0:24  Probe (Chrono Boost)  
  15  0:36  Probe (Chrono Boost)  
  15  0:37  Gateway  
  16  0:45  Probe (Chrono Boost), Assimilator  
  17  0:50  Probe  
  18  1:03  Probe  
  19  1:15  Probe  
  20  1:24  Cybernetics Core  
  20  1:33  Nexus  
  20  1:34  Probe  
  21  1:40  Pylon  
  21  1:46  Probe  
  22  1:48  Assimilator  
  22  1:57  Adept (Chrono Boost)  
  22  1:58  Probe  
  25  2:10  Probe  
  26  2:15  Stargate  
  26  2:17  Adept (Chrono Boost)  
  28  2:23  Probe  
  29  2:35  Warp Gate, Probe (Chrono Boost)  
  30  2:44  Adept  
  30  2:45  Probe (Chrono Boost)  
  34  2:53  Probe (Chrono Boost)  
  34  2:54  Probe (Chrono Boost)  
  35  2:59  Probe x2 (Chrono Boost)  
  35  3:00  Oracle (Chrono Boost)  
  40  3:09  Pylon  
  40  3:11  Probe x2  
  42  3:14  Adept  
  44  3:23  Probe  
  44  3:24  Probe  
  46  3:28  Gateway  
  46  3:33  Assimilator  
  46  3:35  Probe  
  46  3:36  Probe  
  46  3:41  Oracle (Chrono Boost)  
  48  3:46  Pylon  
  48  3:47  Probe  
  48  3:48  Probe  
  53  3:58  Shield Battery  
  53  3:59  Probe  
  54  4:04  Probe  
  54  4:06  Nexus  
  55  4:11  Probe  
  55  4:13  Oracle (Chrono Boost)  
  55  4:16  Pylon  
  59  4:23  Adept  
  61  4:30  Shield Battery  
  61  4:31  Pylon  
  61  4:34  Adept  
  61  4:37  Probe x2  
  65  4:41  Oracle (Chrono Boost)  
  68  4:49  Adept  
  66  4:54  Adept  
  67  5:13  Stalker  
  66  5:14  Probe  
  66  5:17  Probe  
  66  5:20  Stalker  
  67  5:22  Probe  
  67  5:26  Probe  
  63  5:29  Probe, Pylon  
  63  5:35  Probe  
  58  5:37  Stalker  
  58  5:38  Probe  
  58  5:42  Probe  
  57  5:44  Twilight Council  
  57  5:47  Probe, Stalker  
  60  5:51  Probe, Pylon  
  60  5:54  Probe  
  62  5:57  Robotics Facility  
  62  5:59  Probe  
  62  6:01  Assimilator  
  62  6:03  Shield Battery, Probe  
  64  6:06  Probe  
  64  6:07  Sentry  
  67  6:11  Probe  
  67  6:15  Probe (Chrono Boost)  
  67  6:16  Charge (Chrono Boost)  
  69  6:18  Gateway, Probe (Chrono Boost)  
  69  6:24  Probe (Chrono Boost)  
  71  6:27  Probe (Chrono Boost)  
  71  6:29  Zealot  
  71  6:31  Probe (Chrono Boost)  
  71  6:32  Gateway  
  75  6:34  Probe (Chrono Boost)  
  75  6:36  Probe (Chrono Boost)  
  75  6:37  Probe (Chrono Boost)  
  75  6:39  Probe (Chrono Boost)  
  78  6:41  Probe  
  78  6:45  Observer, Probe, Gateway  
  82  6:48  Robotics Bay  
  82  6:50  Probe  
  82  6:51  Forge  
  82  6:53  Probe  
  84  6:55  Forge  
  84  6:56  Assimilator  
  84  6:57  Probe, Assimilator  
  85  7:02  Probe  
  85  7:04  Pylon  
  85  7:05  Probe  
  87  7:09  Observer  
  87  7:13  Pylon  
  88  7:21  Nexus  
  88  7:22  Protoss Ground Armor Level 1 (Chrono Boost)  
  88  7:23  Zealot x2, Sentry, Pylon  
  88  7:24  Protoss Ground Weapons Level 1 (Chrono Boost)  
  88  7:26  Zealot  
  96  7:34  Colossus (Chrono Boost)  
  96  7:41  Probe  
  96  7:42  Probe x2  
  105  7:53  Zealot x3  
  105  7:55  Probe x2  
  105  7:56  Probe, Pylon  
  114  8:07  Templar Archives  
  114  8:08  Pylon  
  114  8:09  Gateway  
  114  8:10  Gateway  
  114  8:16  Gateway  
  114  8:18  Pylon  
  114  8:22  Observer, Photon Cannon  
  114  8:23  Stalker  
  114  8:25  Probe x2  
  119  8:28  Probe  
  119  8:35  Photon Cannon  
  119  8:37  Phoenix, Probe  
  119  8:38  Probe  
  123  8:42  Colossus (Chrono Boost)  
  129  8:55  Stalker x2  
  131  8:56  Zealot x3  
  131  9:07  Zealot x2  
  132  9:15  Zealot  
  132  9:16  Zealot x2  
  126  9:17  Zealot  
  126  9:22  Zealot x2  
  115  9:29  Zealot x2  
  106  9:36  Zealot x3  
  106  9:37  Zealot  
Show
View Real Time Build Order
Export as new Build Order

maru Terran - Winner!

Build Orders: 1/1/1 

Get SALT Encoding   

  12  0:00  SCV  
  13  0:12  SCV  
  14  0:17  Supply Depot  
  14  0:24  SCV  
  15  0:39  SCV, Barracks  
  16  0:42  Refinery  
  16  0:51  SCV  
  16  0:52  Refinery  
  17  1:03  SCV  
  18  1:15  SCV  
  19  1:27  Reaper, Orbital Command  
  19  1:30  Supply Depot  
  20  1:42  Factory  
  20  1:52  SCV  
  21  1:59  Barracks Reactor  
  21  2:04  SCV  
  22  2:16  SCV  
  22  2:18  Command Center  
  23  2:26  Starport  
  23  2:30  SCV  
  23  2:33  Factory Tech Lab  
  23  2:36  Supply Depot  
  24  2:41  Marine  
  24  2:42  Marine  
  26  2:45  SCV  
  27  2:57  SCV  
  28  2:59  Marine  
  28  3:00  Marine  
  28  3:03  Cyclone  
  33  3:10  Medivac  
  34  3:13  SCV  
  34  3:17  Marine x2  
  38  3:27  SCV  
  38  3:35  Siege Tank, Marine x2  
  38  3:40  SCV  
  44  3:47  Orbital Command  
  44  3:50  Viking  
  44  3:55  Marine x2  
  48  4:02  Supply Depot  
  48  4:03  SCV  
  49  4:13  Siege Tank  
  49  4:15  SCV x2  
  54  4:25  Viking  
  54  4:27  SCV  
  54  4:28  SCV  
  58  4:37  Supply Depot  
  58  4:39  SCV  
  58  4:40  SCV  
  58  4:44  Marine x2  
  62  4:54  Bunker  
  62  4:57  Bunker, SCV  
  62  5:03  Bunker  
  62  5:04  Siege Tank  
  65  5:09  SCV  
  66  5:21  SCV  
  57  5:23  Command Center  
  57  5:26  Marine  
  55  5:30  SCV  
  55  5:33  SCV  
  53  5:39  Siege Tank  
  48  5:44  SCV  
  48  5:45  SCV  
  48  5:47  Starport Tech Lab  
  50  5:50  Refinery  
  50  5:52  Barracks x2, Marine x2  
  50  5:56  SCV  
  53  5:57  SCV  
  53  5:59  Engineering Bay  
  53  6:00  Engineering Bay  
  54  6:05  Raven  
  54  6:08  SCV  
  54  6:10  Marine x2  
  59  6:15  SCV  
  60  6:19  Barracks x2  
  60  6:21  Factory Reactor  
  60  6:23  SCV  
  60  6:25  Refinery  
  61  6:27  SCV  
  61  6:28  Marine x2  
  61  6:29  Terran Infantry Armor Level 1, Terran Infantry Weapons Level 1  
  64  6:38  Supply Depot, SCV  
  64  6:39  SCV  
  66  6:50  SCV  
  66  6:51  Marine x3  
  66  6:52  Stimpack, Marine  
  66  6:53  SCV  
  72  6:57  Supply Depot, Starport Reactor  
  72  6:58  Barracks  
  72  7:01  Barracks  
  72  7:02  SCV, Orbital Command  
  72  7:05  Combat Shield  
  72  7:07  SCV  
  74  7:11  Widow Mine  
  74  7:12  Widow Mine  
  74  7:13  Barracks Reactor, Barracks Tech Lab  
  74  7:14  Marine x2  
  80  7:17  Marine x2  
  80  7:19  SCV  
  80  7:20  SCV  
  84  7:23  Supply Depot  
  84  7:30  SCV  
  84  7:31  SCV  
  84  7:32  SCV  
  84  7:34  Widow Mine  
  84  7:35  Widow Mine  
  91  7:37  Concussive Shells, Medivac x2  
  91  7:41  Supply Depot, Marauder  
  91  7:43  Marauder  
  99  7:46  Marauder  
  99  7:49  Marine x2  
  99  7:51  Barracks Tech Lab x2  
  103  7:53  SCV  
  103  7:54  Supply Depot  
  103  7:56  SCV  
  105  8:01  Marine x2  
  105  8:02  Widow Mine  
  105  8:03  Marauder  
  105  8:05  Marauder  
  113  8:08  SCV  
  113  8:10  Supply Depot x2  
  116  8:13  Armory, Widow Mine  
  116  8:16  Medivac  
  116  8:18  Marauder, Marine x3  
  123  8:22  Marauder  
  125  8:31  SCV x2  
  125  8:33  Marauder x2  
  129  8:34  Marine  
  129  8:35  Supply Depot  
  129  8:37  Marauder  
  129  8:40  Marauder  
  129  8:41  Medivac  
  136  8:42  SCV  
  136  8:44  Supply Depot x2, Refinery  
  136  8:47  Marauder  
  139  8:55  Marauder x2  
  141  9:08  Marine x2  
  141  9:09  Marauder x2  
  144  9:11  Widow Mine x2  
  144  9:12  Marauder, Marine  
  143  9:18  Marauder, Marine  
Tags
 
Add a new tag
Caveats
  • Supply blocks, unpowered buildings, or Contaminate may cause inaccurate times.
  • Supply counts are checked every 10 seconds.